 Dungeon Crawl Stone Soup version 0.31-a0-853-gc9b61b7 (webtiles) character file.

Game seed: 8383368142823211845

93 mothman the Chopper (level 4, 0/39 HPs)
             Began as a Minotaur Fighter on Oct 8, 2023.
             Slain by Terence
             ... wielding a +5 morningstar of flaming
              (5 damage)
             ... on level 3 of the Dungeon.
             The game lasted 00:03:19 (1349 turns).

mothman the Chopper (Minotaur Fighter)              Turns: 1349, Time: 00:03:20

Health: 0/39       AC:  8    Str: 22    XL:     4   Next: 37%
Magic:  3/3        EV:  9    Int:  5    God:
Gold:   140        SH:  4    Dex: 10    Spells: 3/3 levels left

rFire   . . .        i - +0 hand axe
rCold   . . .        c - +0 buckler
rNeg    . . .        b - +0 scale mail
rPois   .            (helmet restricted)
rElec   .            (no cloak)
rCorr   .            f - +0 pair of gloves
SInv    .            (no boots)
Will    .....        p - amulet of the acrobat Stlth
                     (no ring)
HPRegen 0.26/turn    (no ring)
MPRegen 0.08/turn

%: acrobat
@: mighty
A: horns 2, retaliatory headbutt
a: no special abilities


You were on level 3 of the Dungeon.
You visited 1 branch of the dungeon, and saw 3 of its levels.

You collected 140 gold pieces.

Inventory:

Hand Weapons
 a - a +0 war axe
 i - a +0 hand axe (weapon)
Missiles
 e - 30 stones
 k - 3 poisoned darts
Armour
 b - a +0 scale mail (worn)
 c - a +0 buckler (worn)
 f - a +0 pair of gloves (worn)
Jewellery
 p - an amulet of the acrobat (around neck)
Scrolls
 g - a scroll of revelation
 h - a scroll of identify
 j - a scroll of noise
 n - a scroll of poison
 q - a scroll of teleportation
Potions
 l - a potion of attraction {unknown}
 o - a potion of curing {unknown}
 r - a potion of haste {unknown}


   Skills:
 - Level 3.6 Fighting
 + Level 5.7 Axes
 - Level 3.6 Armour
 - Level 3.6 Shields


You had 3 spell levels left.
You didn't know any spells.
Your spell library was empty.

Dungeon Overview and Level Annotations

Branches:
Dungeon (3/15)

Altars:
Fedhas

Annotations:
D:3 Terence


Innate Abilities, Weirdness & Mutations

You have a pair of horns on your head.
You reflexively headbutt those who attack you in melee.


Message History

You start waiting.
Done waiting.
There is a stone staircase leading down here.
You climb downwards.
There is a stone staircase leading up here.
Terence the Incautious comes into view.
He is wielding a +5 morningstar of flaming.
Terence shouts!
Terence is nearby!
Okay, then.
Okay, then.
Throw: 5 darts (poison)
Press: ? - help, Shift-Dir - straight line, f - Terence
Aim: Terence, wielding a +5 morningstar of flaming and wearing a +0 chain mail (61% to hit)
You throw a poisoned dart. The poisoned dart hits Terence.
Terence is poisoned.
Throw: 4 darts (poison)
Press: ? - help, Shift-Dir - straight line, f/p - Terence
Aim: Terence, wielding a +5 morningstar of flaming and wearing a +0 chain mail (lightly wounded, poisoned, 61% to hit)
You throw a poisoned dart. The poisoned dart hits Terence.
Terence looks even sicker.
Terence is lightly wounded.
Terence hits you with a +5 morningstar of flaming!
Terence burns you. 18의 피해를 받았습니다. 현재 남은 체력은 [21/39] 입니다. 악! 이건 정말로 아프다!
You feel very mighty all of a sudden. Terence completely misses you.
You hit Terence.
Terence is moderately wounded.
Terence barely misses you.
You hit Terence. You headbutt Terence!
Terence is almost dead.
Terence hits you with a +5 morningstar of flaming!
Terence burns you. 7의 피해를 받았습니다. 현재 남은 체력은 [14/39] 입니다.
You hit Terence but do no damage.
Terence is almost dead.
Terence hits you with a +5 morningstar of flaming!
* * * LOW HITPOINT WARNING * * *
Terence burns you.
You die...

# .#
##+#+#+##.#
#.........#
#.........#
#.........##
#.<.......$#
####@#......
.......@#
.....
#####.(.#
.... #...#
... #...# ..
+.... .
#...# .....


You could see Terence (very poisoned).

Vanquished Creatures
  3 adders (D:2)
  A worm (D:2)
  2 dart slugs (D:2)
  An orc (D:2)
  7 ball pythons
  6 bats
  3 endoplasms
  4 giant cockroaches
  8 goblins
  9 hobgoblins
  3 kobolds
  2 frilled lizards (D:1)
  3 rats
52 creatures vanquished.

Notes
Turn   | Place    | Note
-------+----------+-------------------------------------------
     0 | D:1      | mothman the Minotaur Fighter began the quest for the Orb.
     0 | D:1      | Reached XP level 1. HP: 19/19 MP: 0/0
    39 | D:1      | Reached skill level 3 in Axes
   159 | D:1      | Reached XP level 2. HP: 26/26 MP: 1/1
   248 | D:1      | Reached skill level 4 in Axes
   460 | D:1      | Reached XP level 3. HP: 31/31 MP: 2/2
   630 | D:2      | Found a blossoming altar of Fedhas.
   940 | D:2      | Reached skill level 5 in Axes
   974 | D:2      | Reached XP level 4. HP: 39/39 MP: 3/3
  1342 | D:3      | Noticed Terence
  1349 | D:3      | Slain by Terence

Illustrated notes

Levels and vault maps discovered:
D:1:      lightli_arrival_lavapool, layout_basic, minmay_tall_x
D:2:      layout_basic, basic_altar, minmay_guardbox
D:3:      layout_basic, serial_shops, shop, uniq_terence, uniq_ijyb,
          uniq_sigmund, uniq_pargi

Skill      XL: |  1  2  3 |
---------------+----------+-----
Axes           | 3 4 5 |  5.7
Fighting       | |  3.6
Armour         | |  3.6
Shields        | |  3.6

Action                     |  1- 3 |  4- 6 || total
---------------------------+-------+-------++-------
  Melee: War axe           |    28 |       ||    28
         Headbutt          |    12 |     2 ||    14
         Hand axe          |    54 |    18 ||    72
  Throw: Dart              |       |     2 ||     2
    Use: Scroll            |     3 |     2 ||     5
         Potion            |       |     1 ||     1
 Armour: Scale mail        |    48 |     7 ||    55
  Dodge: Dodged            |    36 |     7 ||    43
  Block: Buckler           |    17 |     6 ||    23

Table legend: (Time is in decaauts)
 A = Elapsed time spent in this place.
 B = Non-inter-level travel time spent in this place.
 C = Inter-level travel time spent in this place.
 D = Time resting spent in this place.
 E = Time spent auto-exploring this place.
 F = Levels seen in this place.
 G = Mean time per level.
                   A        B        C        D        E       F      G
               +--------+--------+--------+--------+--------+-----+--------+
         Total |   1365 |   1301 |     64 |    100 |    915 |   3 |  455.0 |
       Dungeon |   1365 |   1301 |     64 |    100 |    915 |   3 |  455.0 |
               +--------+--------+--------+--------+--------+-----+--------+

Top non-repeatable levels by time:
     D:2: 714 daAuts
     D:1: 642 daAuts
     D:3: 8 daAuts
